3L
PITTSBURGH KINGFISHERS @ OAKLAND OAKS
08/21/2041
 
TOP OF THE 1ST
Pittsburgh Kingfishers batting - Pitching for Oakland Oaks : RHP Fernando Varela
Pitching: RHP Fernando Varela
Batting: RHB Adam Smith 0-0: Ball
1-0: Called Strike
1-1: Swinging Strike
1-2: Ball
2-2: TRIPLE (Flyball, 9D, EV 86.2 MPH)
Batting: SHB Yeow-whye Zhu 0-0: Ball
1-0: Ball
2-0: Ball
3-0: Base on Balls
Batting: RHB Phil McCroskey 0-0: Ball
1-0: Foul Ball, location: 2F
1-1: SINGLE (Line Drive, 9S, EV 94.4 MPH)
Adam Smith scores
Yeow-whye Zhu to second
Runner from 2nd tries for 3rd, SAFE, throw by RF made to third
Batting: RHB Kjartan Einarsson 0-0: Called Strike
0-1: Ball
1-1: Called Strike
1-2: Strikes out swinging
Batting: LHB Royce Foster 0-0: Foul Ball, location: 2F
0-1: Ball
1-1: Swinging Strike
1-2: DOUBLE (Flyball, 8LXD, EV 101.2 MPH)
Yeow-whye Zhu scores
Phil McCroskey to third
Runner from 3rd tries for Home, SAFE, throw by CF to trailing runner, SAFE at third!
Batting: RHB Loring Rommel 0-0: Ball
1-0: Called Strike
1-1: Ball
2-1: Ball
3-1: Foul Ball, location: 2F
3-2: Base on Balls
Pitching: RHP Larry Strozier
Batting: RHB Krystof Melichar 0-0: Ball
Loring Rommel steals 2nd, throwing error, E2
Royce Foster scores
Loring Rommel to third
1-0: Called Strike
1-1: Swinging Strike
1-2: Ground out 6-3 (Groundball, 6, EV 103.1 MPH)
Loring Rommel scores
Batting: LHB Bill Dixon 0-0: Ball
1-0: Ball
2-0: Foul Ball, location: 2F
2-1: Foul Ball, location: 2F
2-2: Ball
3-2: Ground out 4-3 (Groundball, 4S, EV 90.0 MPH)
Top of the 1st over - 5 runs, 3 hits, 1 error, 0 left on base; Pittsburgh 5 - Oakland 0
BOTTOM OF THE 1ST
Oakland Oaks batting - Pitching for Pittsburgh Kingfishers : RHP Jason Starkey
Pitching: RHP Jason Starkey
Batting: LHB Norbert Ingalsbe 0-0: Ball
1-0: Ball
2-0: Ball
3-0: Foul Ball, location: 2F
3-1: Foul Ball, location: 2F
3-2: Ground out 6-3 (Groundball, 6M, EV 82.5 MPH)
Batting: RHB Sebastian Franke 0-0: Called Strike
0-1: Ball
1-1: Fly out, F9 (Flyball, 9LS, EV 91.2 MPH)
Batting: LHB Gabriel Montoya 0-0: Called Strike
0-1: Fly out, F9 (Flyball, 9LDF, EV 97.5 MPH)
Bottom of the 1st over - 0 runs, 0 hits, 0 errors, 0 left on base; Pittsburgh 5 - Oakland 0
TOP OF THE 2ND
Pittsburgh Kingfishers batting - Pitching for Oakland Oaks : RHP Larry Strozier
Batting: RHB Junior Young 0-0: SINGLE (Groundball, 6MD, EV 106.9 MPH)
Batting: RHB Adam Smith 0-0: Called Strike
0-1: Ball
1-1: Foul Ball, location: 2F
1-2: Foul Ball, location: 2F
1-2: Foul Ball, location: 2F
1-2: Fly out, F6 (Popup, 56, EV 74.4 MPH)
Batting: SHB Yeow-whye Zhu 0-0: Ball
1-0: Called Strike
1-1: Foul Ball, location: 2F
1-2: Ball
2-2: Ball
3-2: Strikes out looking
Batting: RHB Phil McCroskey 0-0: Ball
1-0: Ball
2-0: Called Strike
2-1: Ball
3-1: Foul Ball, location: 2F
Balk!
Junior Young to second
3-2: SINGLE (Line Drive, 7S, EV 91.9 MPH)
Junior Young to third
Junior Young scores
Batting: RHB Kjartan Einarsson 0-0: Swinging Strike
0-1: Ball
Phil McCroskey steals 2nd base
1-1: 2-RUN HOME RUN (Flyball, 9D, EV 93.1 MPH), Distance : 368 ft
Batting: LHB Royce Foster 0-0: Foul Ball, location: 2F
0-1: Swinging Strike
0-2: Fly out, F9 (Flyball, 9LSF, EV 95.6 MPH)
Top of the 2nd over - 3 runs, 3 hits, 0 errors, 0 left on base; Pittsburgh 8 - Oakland 0
BOTTOM OF THE 2ND
Oakland Oaks batting - Pitching for Pittsburgh Kingfishers : RHP Jason Starkey
Batting: SHB Cecil Nelson 0-0: Ball
1-0: Called Strike
1-1: Foul Ball, location: 2F
1-2: Strikes out swinging
Batting: LHB Conor Gotaas 0-0: Called Strike
0-1: SOLO HOME RUN (Line Drive, 89XD, EV 96.9 MPH), Distance : 415 ft
Batting: LHB Michael Witt 0-0: Swinging Strike
0-1: Ball
1-1: Ball
2-1: Swinging Strike
2-2: Strikes out swinging
Batting: RHB Esteban Vázquez 0-0: TRIPLE (Flyball, 78XD, EV 103.1 MPH)
Batting: RHB Tony Hernández 0-0: Called Strike
0-1: Called Strike
0-2: Ball
1-2: Ball
2-2: Ball
3-2: Base on Balls
Batting: RHB Keohi Iese 0-0: Ball
Tony Hernández steals 2nd base
1-0: Ball
2-0: Swinging Strike
2-1: Called Strike
2-2: Ball
3-2: Foul Ball, location: 2F
3-2: Base on Balls
Batting: LHB Norbert Ingalsbe 0-0: Ball
1-0: Ball
2-0: Ball
3-0: Base on Balls
Esteban Vázquez scores
Tony Hernández to third
Keohi Iese to second
Batting: RHB Sebastian Franke 0-0: Fly out, F8 (Flyball, 89D, EV 96.9 MPH)
Bottom of the 2nd over - 2 runs, 2 hits, 0 errors, 3 left on base; Pittsburgh 8 - Oakland 2
TOP OF THE 3RD
Pittsburgh Kingfishers batting - Pitching for Oakland Oaks : RHP Larry Strozier
Batting: RHB Loring Rommel 0-0: Called Strike
0-1: Fly out, F8 (Flyball, 78XD, EV 110.0 MPH)
Batting: RHB Krystof Melichar 0-0: Called Strike
0-1: Fly out, F8 (Line Drive, 8LD, EV 95.0 MPH)
Batting: LHB Bill Dixon 0-0: Ball
1-0: Called Strike
1-1: Ground out 6-3 (Groundball, 6M, EV 106.9 MPH)
Top of the 3rd over - 0 runs, 0 hits, 0 errors, 0 left on base; Pittsburgh 8 - Oakland 2
BOTTOM OF THE 3RD
Oakland Oaks batting - Pitching for Pittsburgh Kingfishers : RHP Jason Starkey
Batting: LHB Gabriel Montoya 0-0: Ball
1-0: SINGLE (Flyball, 78S, EV 95.0 MPH)
Batting: SHB Cecil Nelson 0-0: Ball
1-0: Ball
2-0: Fielders Choice at 2nd, 1-6 (Groundball, P, EV 85.6 MPH)
Batting: LHB Conor Gotaas 0-0: Called Strike
0-1: SINGLE (Line Drive, 9LS, EV 111.2 MPH)
Cecil Nelson to second
Runner from 2nd tries for 3rd, SAFE, throw by RF made to third
Batting: LHB Michael Witt 0-0: Called Strike
0-1: Called Strike
Conor Gotaas steals 2nd base
0-2: Ball
1-2: Ground out 1-3 (Groundball, 25, EV 68.8 MPH)
Batting: RHB Esteban Vázquez 0-0: Called Strike
0-1: Foul Ball, location: 2F
0-2: Ball
1-2: Foul Ball, location: 2F
1-2: Hit by Pitch
Batting: RHB Tony Hernández 0-0: Ball
1-0: Ball
2-0: Ball
3-0: Base on Balls
Cecil Nelson scores
Conor Gotaas to third
Esteban Vázquez to second
Batting: RHB Keohi Iese 0-0: Called Strike
0-1: Swinging Strike
0-2: Strikes out swinging
Bottom of the 3rd over - 1 run, 2 hits, 0 errors, 3 left on base; Pittsburgh 8 - Oakland 3
TOP OF THE 4TH
Pittsburgh Kingfishers batting - Pitching for Oakland Oaks : RHP Larry Strozier
Batting: RHB Junior Young 0-0: Ball
1-0: Called Strike
1-1: Ball
2-1: Ball
3-1: Base on Balls
Batting: RHB Adam Smith 0-0: Called Strike
0-1: Swinging Strike
0-2: Ball
1-2: DOUBLE (Line Drive, 89M, EV 91.9 MPH)
Junior Young to third
Batting: SHB Yeow-whye Zhu 0-0: Ball
1-0: Ball
2-0: Called Strike
2-1: Ball
3-1: Foul Ball, location: 2F
3-2: SINGLE (Flyball, 78S, EV 93.8 MPH)
Junior Young scores
Adam Smith to third
Batting: RHB Phil McCroskey 0-0: Foul Ball, location: 2F
0-1: Fly out, F7 (Flyball, 7, EV 76.9 MPH)
Batting: RHB Kjartan Einarsson 0-0: Ball
1-0: Called Strike
1-1: Called Strike
1-2: Strikes out swinging
Batting: LHB Royce Foster 0-0: Foul Ball, location: 2F
0-1: Swinging Strike
0-2: Foul Ball, location: 2F
0-2: Foul Ball, location: 2F
0-2: Strikes out swinging
Top of the 4th over - 1 run, 2 hits, 0 errors, 2 left on base; Pittsburgh 9 - Oakland 3
BOTTOM OF THE 4TH
Oakland Oaks batting - Pitching for Pittsburgh Kingfishers : RHP Jason Starkey
Batting: LHB Norbert Ingalsbe 0-0: Ball
1-0: Foul Ball, location: 2F
1-1: Fly out, F7 (Flyball, 78D, EV 93.1 MPH)
Batting: RHB Sebastian Franke 0-0: Called Strike
0-1: Called Strike
0-2: Ball
1-2: Ball
2-2: Foul Ball, location: 2F
2-2: Ball
3-2: Fly out, F8 (Flyball, 8LD, EV 98.1 MPH)
Batting: LHB Gabriel Montoya 0-0: Called Strike
0-1: Foul Ball, location: 2F
0-2: Ball
1-2: Foul Ball, location: 2F
1-2: Ball
2-2: Foul Ball, location: 2F
2-2: Strikes out looking
Bottom of the 4th over - 0 runs, 0 hits, 0 errors, 0 left on base; Pittsburgh 9 - Oakland 3
TOP OF THE 5TH
Pittsburgh Kingfishers batting - Pitching for Oakland Oaks : RHP Larry Strozier
Batting: RHB Loring Rommel 0-0: Ball
1-0: Fly out, F9 (Flyball, 9LS, EV 88.8 MPH)
Batting: RHB Krystof Melichar 0-0: SINGLE (Groundball, 56, EV 101.9 MPH)
Batting: LHB Bill Dixon 0-0: Ball
1-0: Called Strike
1-1: Ball
2-1: Ball
3-1: SINGLE (Groundball, 34D, EV 99.4 MPH)
Krystof Melichar to second
Runner from 2nd tries for 3rd, SAFE, throw by RF made to third
Batting: RHB Junior Young 0-0: Called Strike
0-1: SINGLE (Flyball, 9LS, EV 91.2 MPH)
Krystof Melichar scores
Bill Dixon to second
Runner from 2nd tries for 3rd, SAFE, throw by RF made to third
Batting: RHB Adam Smith 0-0: Fly out, F7 (Flyball, 7LS, EV 86.9 MPH)
Batting: SHB Yeow-whye Zhu 0-0: Ball
1-0: Fielders Choice at 2nd, 6-4 (Groundball, 6, EV 85.0 MPH)
Top of the 5th over - 1 run, 3 hits, 0 errors, 2 left on base; Pittsburgh 10 - Oakland 3
BOTTOM OF THE 5TH
Oakland Oaks batting - Pitching for Pittsburgh Kingfishers : RHP Jason Starkey
Batting: SHB Cecil Nelson 0-0: Ball
1-0: Ball
2-0: Ground out 4-3 (Groundball, 4, EV 83.8 MPH)
Batting: LHB Conor Gotaas 0-0: Called Strike
0-1: SINGLE (Groundball, 34D, EV 102.5 MPH)
Batting: LHB Michael Witt 0-0: Called Strike
0-1: Fly out, F8 (Flyball, 8RS, EV 90.6 MPH)
Batting: RHB Esteban Vázquez 0-0: Ball
1-0: Foul Ball, location: 2F
1-1: Ball
2-1: Foul Ball, location: 2F
2-2: Ball
3-2: Fly out, F9 (Flyball, 9, EV 82.5 MPH)
Bottom of the 5th over - 0 runs, 1 hit, 0 errors, 1 left on base; Pittsburgh 10 - Oakland 3
TOP OF THE 6TH
Pittsburgh Kingfishers batting - Pitching for Oakland Oaks : RHP Larry Strozier
Batting: RHB Phil McCroskey 0-0: Ball
1-0: Ball
2-0: Foul Ball, location: 2F
2-1: Ball
3-1: Ground out 6-3 (Groundball, 6, EV 92.5 MPH)
Batting: RHB Kjartan Einarsson 0-0: Foul Ball, location: 2F
0-1: Ground out 5-3 (Groundball, 56, EV 103.1 MPH)
Batting: LHB Royce Foster 0-0: Ball
1-0: Ground out 4-3 (Groundball, 4, EV 91.2 MPH)
Top of the 6th over - 0 runs, 0 hits, 0 errors, 0 left on base; Pittsburgh 10 - Oakland 3
BOTTOM OF THE 6TH
Oakland Oaks batting - Pitching for Pittsburgh Kingfishers : RHP Jason Starkey
Pitching: LHP Luis Oropeza
Batting: RHB Tony Hernández 0-0: Called Strike
0-1: Foul Ball, location: 2F
0-2: Foul Ball, location: 2F
0-2: Foul Ball, location: 2F
0-2: Ball
1-2: Foul Ball, location: 2F
1-2: Strikes out swinging
Batting: RHB Keohi Iese 0-0: Foul Ball, location: 2F
0-1: Ball
1-1: Ball
2-1: Foul Ball, location: 2F
2-2: Ball
3-2: Foul Ball, location: 2F
3-2: Base on Balls
Batting: LHB Norbert Ingalsbe 0-0: Ball
1-0: Ball
2-0: SINGLE (Line Drive, 56D, EV 95.0 MPH)
Keohi Iese to second
Batting: RHB Sebastian Franke 0-0: Ball
1-0: Called Strike
1-1: SINGLE (Flyball, 9LS, EV 89.4 MPH)
Keohi Iese to third
Norbert Ingalsbe to second
Runner from 3rd tries for Home, SAFE, no throw by RF
Batting: LHB Gabriel Montoya 0-0: Foul Ball, location: 2F
0-1: Foul Ball, location: 2F
0-2: Foul Ball, location: 2F
0-2: Fly out, F8 (Flyball, 8LM, EV 77.5 MPH)
Batting: SHB Cecil Nelson 0-0: Fielders Choice at 2nd, 6-4 (Groundball, 6, EV 85.6 MPH)
Bottom of the 6th over - 1 run, 2 hits, 0 errors, 2 left on base; Pittsburgh 10 - Oakland 4
TOP OF THE 7TH
Pittsburgh Kingfishers batting - Pitching for Oakland Oaks : RHP Larry Strozier
Pitching: LHP Risto Hannila
Batting: RHB Loring Rommel 0-0: Called Strike
0-1: Ground out 4-3 (Groundball, 34D, EV 101.2 MPH)
Batting: RHB Krystof Melichar 0-0: Called Strike
0-1: Reached via error on a dropped throw from 1B, E1 (Groundball, 34, EV 96.9 MPH)
Batting: LHB Bill Dixon 0-0: Ball
1-0: Grounds into double play, 5-4-3 (Groundball, 56, EV 103.1 MPH)
Top of the 7th over - 0 runs, 0 hits, 1 error, 0 left on base; Pittsburgh 10 - Oakland 4
BOTTOM OF THE 7TH
Oakland Oaks batting - Pitching for Pittsburgh Kingfishers : LHP Luis Oropeza
Batting: LHB Conor Gotaas 0-0: SINGLE (Line Drive, 34D, EV 96.9 MPH)
Batting: LHB Michael Witt 0-0: Ball
1-0: Ball
2-0: Swinging Strike
2-1: DOUBLE (Line Drive, 7LM, EV 103.8 MPH)
Conor Gotaas to third
Batting: RHB Esteban Vázquez 0-0: Ball
1-0: Ball
Wild Pitch!
Conor Gotaas scores
Michael Witt to third
2-0: Ball
3-0: Base on Balls
Pitching: RHP Patrick Carlson
Batting: RHB Tony Hernández 0-0: Ball
1-0: Called Strike
1-1: SINGLE (Line Drive, 4MD, EV 103.1 MPH)
Michael Witt scores
Esteban Vázquez to second
Batting: RHB Keohi Iese 0-0: Foul Ball, location: 2F
0-1: Swinging Strike
0-2: Ball
1-2: Foul Ball, location: 2F
1-2: Strikes out swinging
Batting: LHB Norbert Ingalsbe 0-0: Ball
1-0: Ball
2-0: Swinging Strike
2-1: Swinging Strike
2-2: Strikes out looking
Batting: RHB Sebastian Franke 0-0: DOUBLE (Line Drive, 3D, EV 96.9 MPH)
Esteban Vázquez scores
Tony Hernández to third
Runner from 3rd tries for Home, SAFE, throw by RF to trailing runner, SAFE at third!
Batting: LHB Gabriel Montoya 0-0: Foul Ball, location: 2F
0-1: Called Strike
0-2: Strikes out swinging
Bottom of the 7th over - 4 runs, 4 hits, 0 errors, 1 left on base; Pittsburgh 10 - Oakland 8
TOP OF THE 8TH
Pittsburgh Kingfishers batting - Pitching for Oakland Oaks : LHP Risto Hannila
Batting: RHB Junior Young 0-0: Called Strike
0-1: Fly out, F6 (Popup, 4MD, EV 64.4 MPH)
Batting: RHB Adam Smith 0-0: Called Strike
0-1: Called Strike
0-2: SINGLE (Groundball, 56, EV 76.2 MPH) (infield hit)
Batting: SHB Yeow-whye Zhu 0-0: Foul Ball, location: 2F
0-1: DOUBLE (Line Drive, 5D, EV 94.4 MPH)
Adam Smith to third
Batting: RHB Phil McCroskey 0-0: Ball
1-0: Swinging Strike
1-1: Foul Ball, location: 2F
1-2: Fly out, F3 (Popup, 3DF, EV 57.5 MPH)
Batting: RHB Kjartan Einarsson 0-0: Ball
1-0: Ball
2-0: Fly out, F8 (Flyball, 8LM, EV 90.0 MPH)
Top of the 8th over - 0 runs, 2 hits, 0 errors, 2 left on base; Pittsburgh 10 - Oakland 8
BOTTOM OF THE 8TH
Oakland Oaks batting - Pitching for Pittsburgh Kingfishers : RHP Patrick Carlson
Batting: SHB Cecil Nelson 0-0: Called Strike
0-1: Ball
1-1: Ground out 4-3 (Groundball, 4, EV 92.5 MPH)
Batting: LHB Conor Gotaas 0-0: Ball
1-0: SINGLE (Line Drive, 78S, EV 103.1 MPH)
Batting: LHB Michael Witt 0-0: Swinging Strike
0-1: Foul Ball, location: 2F
0-2: Strikes out swinging
Batting: RHB Esteban Vázquez 0-0: Called Strike
0-1: Foul Ball, location: 2F
0-2: Ball
1-2: Ball
2-2: Strikes out swinging
Bottom of the 8th over - 0 runs, 1 hit, 0 errors, 1 left on base; Pittsburgh 10 - Oakland 8
TOP OF THE 9TH
Pittsburgh Kingfishers batting - Pitching for Oakland Oaks : LHP Risto Hannila
Batting: LHB Royce Foster 0-0: Called Strike
0-1: Ball
1-1: Ball
2-1: Ball
3-1: Fly out, F7 (Flyball, 7, EV 86.2 MPH)
Pitching: LHP Santiago Rivera
Batting: RHB Loring Rommel 0-0: Ball
1-0: Ground out U3 (Groundball, 34, EV 79.4 MPH)
Batting: RHB Krystof Melichar 0-0: SINGLE (Groundball, 6MD, EV 103.1 MPH)
Batting: LHB Bill Dixon 0-0: Ball
1-0: Called Strike
Krystof Melichar steals 2nd, throwing error, E2
Krystof Melichar to third
1-1: Fly out, F6 (Popup, P, EV 83.1 MPH)
Top of the 9th over - 0 runs, 1 hit, 1 error, 1 left on base; Pittsburgh 10 - Oakland 8
BOTTOM OF THE 9TH
Oakland Oaks batting - Pitching for Pittsburgh Kingfishers : RHP Patrick Carlson
Pitching: RHP Roy Lowe
Batting: RHB Tony Hernández 0-0: Foul Ball, location: 2F
0-1: Swinging Strike
0-2: Strikes out swinging
Batting: RHB Keohi Iese 0-0: Ball
1-0: Ball
2-0: Foul Ball, location: 2F
2-1: Ball
3-1: Swinging Strike
3-2: Foul Ball, location: 2F
3-2: Strikes out swinging
Batting: LHB Norbert Ingalsbe 0-0: Called Strike
0-1: Ball
1-1: Ball
2-1: Swinging Strike
2-2: Foul Ball, location: 2F
2-2: Ground out 5-3 (Groundball, 5, EV 78.8 MPH)
Bottom of the 9th over - 0 runs, 0 hits, 0 errors, 0 left on base; Pittsburgh 10 - Oakland 8
Tuesday, January 5th, 2021 - OOTP Baseball 20.8 Build 74